%YAML 1.1
%TAG !u! tag:unity3d.com,2011:
--- !u!1 &4562688299558881963
GameObject:
  m_ObjectHideFlags: 0
  m_CorrespondingSourceObject: {fileID: 0}
  m_PrefabInstance: {fileID: 0}
  m_PrefabAsset: {fileID: 0}
  serializedVersion: 6
  m_Component:
  - component: {fileID: 4562688299558881962}
  m_Layer: 0
  m_Name: AttackPoint 2
  m_TagString: Untagged
  m_Icon: {fileID: 0}
  m_NavMeshLayer: 0
  m_StaticEditorFlags: 0
  m_IsActive: 1
--- !u!4 &4562688299558881962
Transform:
  m_ObjectHideFlags: 0
  m_CorrespondingSourceObject: {fileID: 0}
  m_PrefabInstance: {fileID: 0}
  m_PrefabAsset: {fileID: 0}
  m_GameObject: {fileID: 4562688299558881963}
  m_LocalRotation: {x: 0, y: 0, z: 0, w: 1}
  m_LocalPosition: {x: 1.09, y: 0.04, z: 0}
  m_LocalScale: {x: 1, y: 1, z: 1}
  m_ConstrainProportionsScale: 0
  m_Children: []
  m_Father: {fileID: 4562688300956436686}
  m_RootOrder: 2
  m_LocalEulerAnglesHint: {x: 0, y: 0, z: 0}
--- !u!1 &4562688299663599441
GameObject:
  m_ObjectHideFlags: 0
  m_CorrespondingSourceObject: {fileID: 0}
  m_PrefabInstance: {fileID: 0}
  m_PrefabAsset: {fileID: 0}
  serializedVersion: 6
  m_Component:
  - component: {fileID: 4562688299663599440}
  m_Layer: 0
  m_Name: Warrior
  m_TagString: Untagged
  m_Icon: {fileID: 0}
  m_NavMeshLayer: 0
  m_StaticEditorFlags: 0
  m_IsActive: 1
--- !u!4 &4562688299663599440
Transform:
  m_ObjectHideFlags: 0
  m_CorrespondingSourceObject: {fileID: 0}
  m_PrefabInstance: {fileID: 0}
  m_PrefabAsset: {fileID: 0}
  m_GameObject: {fileID: 4562688299663599441}
  m_LocalRotation: {x: 0, y: 0, z: 0, w: 1}
  m_LocalPosition: {x: 8.17, y: -0.97, z: 0}
  m_LocalScale: {x: 1, y: 1, z: 1}
  m_ConstrainProportionsScale: 0
  m_Children:
  - {fileID: 4562688300956436686}
  - {fileID: 6828662751349232210}
  m_Father: {fileID: 0}
  m_RootOrder: 0
  m_LocalEulerAnglesHint: {x: 0, y: 0, z: 0}
--- !u!1 &4562688299732438303
GameObject:
  m_ObjectHideFlags: 0
  m_CorrespondingSourceObject: {fileID: 0}
  m_PrefabInstance: {fileID: 0}
  m_PrefabAsset: {fileID: 0}
  serializedVersion: 6
  m_Component:
  - component: {fileID: 4562688299732438302}
  m_Layer: 0
  m_Name: GroundPoint 1
  m_TagString: Untagged
  m_Icon: {fileID: 0}
  m_NavMeshLayer: 0
  m_StaticEditorFlags: 0
  m_IsActive: 1
--- !u!4 &4562688299732438302
Transform:
  m_ObjectHideFlags: 0
  m_CorrespondingSourceObject: {fileID: 0}
  m_PrefabInstance: {fileID: 0}
  m_PrefabAsset: {fileID: 0}
  m_GameObject: {fileID: 4562688299732438303}
  m_LocalRotation: {x: 0, y: 0, z: 0, w: 1}
  m_LocalPosition: {x: 0, y: -1.036, z: 0}
  m_LocalScale: {x: 1, y: 1, z: 1}
  m_ConstrainProportionsScale: 0
  m_Children: []
  m_Father: {fileID: 4562688300956436686}
  m_RootOrder: 0
  m_LocalEulerAnglesHint: {x: 0, y: 0, z: 0}
--- !u!1 &4562688300328236183
GameObject:
  m_ObjectHideFlags: 0
  m_CorrespondingSourceObject: {fileID: 0}
  m_PrefabInstance: {fileID: 0}
  m_PrefabAsset: {fileID: 0}
  serializedVersion: 6
  m_Component:
  - component: {fileID: 4562688300328236182}
  m_Layer: 0
  m_Name: AttackPoint 1
  m_TagString: Untagged
  m_Icon: {fileID: 0}
  m_NavMeshLayer: 0
  m_StaticEditorFlags: 0
  m_IsActive: 1
--- !u!4 &4562688300328236182
Transform:
  m_ObjectHideFlags: 0
  m_CorrespondingSourceObject: {fileID: 0}
  m_PrefabInstance: {fileID: 0}
  m_PrefabAsset: {fileID: 0}
  m_GameObject: {fileID: 4562688300328236183}
  m_LocalRotation: {x: 0, y: 0, z: 0, w: 1}
  m_LocalPosition: {x: 0.64, y: 0.18, z: 0}
  m_LocalScale: {x: 1, y: 1, z: 1}
  m_ConstrainProportionsScale: 0
  m_Children: []
  m_Father: {fileID: 4562688300956436686}
  m_RootOrder: 1
  m_LocalEulerAnglesHint: {x: 0, y: 0, z: 0}
--- !u!1 &4562688300956436681
GameObject:
  m_ObjectHideFlags: 0
  m_CorrespondingSourceObject: {fileID: 0}
  m_PrefabInstance: {fileID: 0}
  m_PrefabAsset: {fileID: 0}
  serializedVersion: 6
  m_Component:
  - component: {fileID: 4562688300956436686}
  - component: {fileID: 4562688300956436687}
  - component: {fileID: 4562688300956436680}
  - component: {fileID: 4562688300956436689}
  - component: {fileID: 4562688300956436690}
  - component: {fileID: 4562688300956436685}
  - component: {fileID: 4562688300956436691}
  - component: {fileID: 4562688300956436688}
  - component: {fileID: 4562688300956436695}
  - component: {fileID: 4562688300956436694}
  - component: {fileID: 4562688300956436693}
  m_Layer: 7
  m_Name: Warrior
  m_TagString: Untagged
  m_Icon: {fileID: 0}
  m_NavMeshLayer: 0
  m_StaticEditorFlags: 0
  m_IsActive: 1
--- !u!4 &4562688300956436686
Transform:
  m_ObjectHideFlags: 0
  m_CorrespondingSourceObject: {fileID: 0}
  m_PrefabInstance: {fileID: 0}
  m_PrefabAsset: {fileID: 0}
  m_GameObject: {fileID: 4562688300956436681}
  m_LocalRotation: {x: 0, y: 0, z: 0, w: 1}
  m_LocalPosition: {x: 0, y: 0, z: 0}
  m_LocalScale: {x: 1, y: 1, z: 1}
  m_ConstrainProportionsScale: 0
  m_Children:
  - {fileID: 4562688299732438302}
  - {fileID: 4562688300328236182}
  - {fileID: 4562688299558881962}
  m_Father: {fileID: 4562688299663599440}
  m_RootOrder: 0
  m_LocalEulerAnglesHint: {x: 0, y: 0, z: 0}
--- !u!212 &4562688300956436687
SpriteRenderer:
  m_ObjectHideFlags: 0
  m_CorrespondingSourceObject: {fileID: 0}
  m_PrefabInstance: {fileID: 0}
  m_PrefabAsset: {fileID: 0}
  m_GameObject: {fileID: 4562688300956436681}
  m_Enabled: 1
  m_CastShadows: 0
  m_ReceiveShadows: 0
  m_DynamicOccludee: 1
  m_StaticShadowCaster: 0
  m_MotionVectors: 1
  m_LightProbeUsage: 1
  m_ReflectionProbeUsage: 1
  m_RayTracingMode: 0
  m_RayTraceProcedural: 0
  m_RenderingLayerMask: 1
  m_RendererPriority: 0
  m_Materials:
  - {fileID: 10754, guid: 0000000000000000f000000000000000, type: 0}
  m_StaticBatchInfo:
    firstSubMesh: 0
    subMeshCount: 0
  m_StaticBatchRoot: {fileID: 0}
  m_ProbeAnchor: {fileID: 0}
  m_LightProbeVolumeOverride: {fileID: 0}
  m_ScaleInLightmap: 1
  m_ReceiveGI: 1
  m_PreserveUVs: 0
  m_IgnoreNormalsForChartDetection: 0
  m_ImportantGI: 0
  m_StitchLightmapSeams: 1
  m_SelectedEditorRenderState: 0
  m_MinimumChartSize: 4
  m_AutoUVMaxDistance: 0.5
  m_AutoUVMaxAngle: 89
  m_LightmapParameters: {fileID: 0}
  m_SortingLayerID: 0
  m_SortingLayer: 0
  m_SortingOrder: 0
  m_Sprite: {fileID: -1486324325, guid: 1fe69f9ab8f85c248a9e7e8943fd7d98, type: 3}
  m_Color: {r: 1, g: 1, b: 1, a: 1}
  m_FlipX: 0
  m_FlipY: 0
  m_DrawMode: 0
  m_Size: {x: 1.125, y: 2.0625}
  m_AdaptiveModeThreshold: 0.5
  m_SpriteTileMode: 0
  m_WasSpriteAssigned: 1
  m_MaskInteraction: 0
  m_SpriteSortPoint: 0
--- !u!95 &4562688300956436680
Animator:
  serializedVersion: 5
  m_ObjectHideFlags: 0
  m_CorrespondingSourceObject: {fileID: 0}
  m_PrefabInstance: {fileID: 0}
  m_PrefabAsset: {fileID: 0}
  m_GameObject: {fileID: 4562688300956436681}
  m_Enabled: 1
  m_Avatar: {fileID: 0}
  m_Controller: {fileID: 9100000, guid: 06d8514d1c1455948abe81aae8923809, type: 2}
  m_CullingMode: 0
  m_UpdateMode: 0
  m_ApplyRootMotion: 0
  m_LinearVelocityBlending: 0
  m_StabilizeFeet: 0
  m_WarningMessage: 
  m_HasTransformHierarchy: 1
  m_AllowConstantClipSamplingOptimization: 1
  m_KeepAnimatorStateOnDisable: 0
--- !u!61 &4562688300956436689
BoxCollider2D:
  m_ObjectHideFlags: 0
  m_CorrespondingSourceObject: {fileID: 0}
  m_PrefabInstance: {fileID: 0}
  m_PrefabAsset: {fileID: 0}
  m_GameObject: {fileID: 4562688300956436681}
  m_Enabled: 1
  m_Density: 1
  m_Material: {fileID: 0}
  m_IsTrigger: 0
  m_UsedByEffector: 0
  m_UsedByComposite: 0
  m_Offset: {x: 0, y: 0}
  m_SpriteTilingProperty:
    border: {x: 0, y: 0, z: 0, w: 0}
    pivot: {x: 0.5, y: 0.5}
    oldSize: {x: 1.125, y: 2.0625}
    newSize: {x: 1.125, y: 2.0625}
    adaptiveTilingThreshold: 0.5
    drawMode: 0
    adaptiveTiling: 0
  m_AutoTiling: 0
  serializedVersion: 2
  m_Size: {x: 1.125, y: 2.0625}
  m_EdgeRadius: 0
--- !u!50 &4562688300956436690
Rigidbody2D:
  serializedVersion: 4
  m_ObjectHideFlags: 0
  m_CorrespondingSourceObject: {fileID: 0}
  m_PrefabInstance: {fileID: 0}
  m_PrefabAsset: {fileID: 0}
  m_GameObject: {fileID: 4562688300956436681}
  m_BodyType: 0
  m_Simulated: 1
  m_UseFullKinematicContacts: 0
  m_UseAutoMass: 0
  m_Mass: 1
  m_LinearDrag: 0
  m_AngularDrag: 0.05
  m_GravityScale: 1
  m_Material: {fileID: 0}
  m_Interpolate: 0
  m_SleepingMode: 1
  m_CollisionDetection: 0
  m_Constraints: 4
--- !u!114 &4562688300956436685
MonoBehaviour:
  m_ObjectHideFlags: 0
  m_CorrespondingSourceObject: {fileID: 0}
  m_PrefabInstance: {fileID: 0}
  m_PrefabAsset: {fileID: 0}
  m_GameObject: {fileID: 4562688300956436681}
  m_Enabled: 1
  m_EditorHideFlags: 0
  m_Script: {fileID: 11500000, guid: 86c01a61ccdda9942a1ebfe60ca58771, type: 3}
  m_Name: 
  m_EditorClassIdentifier: 
  _moveSpeed: 6
  _jumpForce: 10
  _maxHP: 50
  _currentHP: 50
  _thrustForce: {x: 400, y: 400}
  thrustForce: {fileID: 0}
  _antiThrustForce: {x: 0, y: 0}
  antiThrustForce: {fileID: 0}
  _timeHurt: 1
  _attackSpeed: 2
  _attackDamage: 10
  _rateCritical: 20
  died: 0
--- !u!114 &4562688300956436691
MonoBehaviour:
  m_ObjectHideFlags: 0
  m_CorrespondingSourceObject: {fileID: 0}
  m_PrefabInstance: {fileID: 0}
  m_PrefabAsset: {fileID: 0}
  m_GameObject: {fileID: 4562688300956436681}
  m_Enabled: 1
  m_EditorHideFlags: 0
  m_Script: {fileID: 11500000, guid: 797d3386af75aa44a8f069974119a032, type: 3}
  m_Name: 
  m_EditorClassIdentifier: 
  thePM: {fileID: 0}
--- !u!114 &4562688300956436688
MonoBehaviour:
  m_ObjectHideFlags: 0
  m_CorrespondingSourceObject: {fileID: 0}
  m_PrefabInstance: {fileID: 0}
  m_PrefabAsset: {fileID: 0}
  m_GameObject: {fileID: 4562688300956436681}
  m_Enabled: 1
  m_EditorHideFlags: 0
  m_Script: {fileID: 11500000, guid: c3b6ea526fcb3674e8e5395f5ea2ca5d, type: 3}
  m_Name: 
  m_EditorClassIdentifier: 
  isGrounded: {fileID: 0}
  groundCheckPoint: {fileID: 4562688299732438302}
  whichIsGrounded:
    serializedVersion: 2
    m_Bits: 8
  canDash: 1
  canDoubleDash: 1
  isDashing: 0
  dashingForce: 20
  startTimeDashEffectSpawns: 0.05
  GODashEffect: {fileID: 8531349683720733759, guid: d1e4b1de1a8912946aed852a54408257, type: 3}
--- !u!114 &4562688300956436695
MonoBehaviour:
  m_ObjectHideFlags: 0
  m_CorrespondingSourceObject: {fileID: 0}
  m_PrefabInstance: {fileID: 0}
  m_PrefabAsset: {fileID: 0}
  m_GameObject: {fileID: 4562688300956436681}
  m_Enabled: 1
  m_EditorHideFlags: 0
  m_Script: {fileID: 11500000, guid: 7eb91e52689037e4d97b4c038d982695, type: 3}
  m_Name: 
  m_EditorClassIdentifier: 
  isAttacker: 1
  arrAttackPoint:
  - {fileID: 4562688300328236182}
  - {fileID: 4562688299558881962}
  arrAttackRange:
  - 1.51
  - 1.34
  enemyLayers:
    serializedVersion: 2
    m_Bits: 64
  collidersDamaged: []
  _attackIndex: 0
--- !u!114 &4562688300956436694
MonoBehaviour:
  m_ObjectHideFlags: 0
  m_CorrespondingSourceObject: {fileID: 0}
  m_PrefabInstance: {fileID: 0}
  m_PrefabAsset: {fileID: 0}
  m_GameObject: {fileID: 4562688300956436681}
  m_Enabled: 1
  m_EditorHideFlags: 0
  m_Script: {fileID: 11500000, guid: 38d0c3f7e9c6b8b4e8bd38f5c7d7e0d4, type: 3}
  m_Name: 
  m_EditorClassIdentifier: 
  hurtingTime: 0
  healthBar: {fileID: 6547930608092404049}
  materialDeathEffect: {fileID: 2100000, guid: 26bd684a1c87e594da2f480ef17f25b9, type: 2}
  _timeInvincible: 0
--- !u!114 &4562688300956436693
MonoBehaviour:
  m_ObjectHideFlags: 0
  m_CorrespondingSourceObject: {fileID: 0}
  m_PrefabInstance: {fileID: 0}
  m_PrefabAsset: {fileID: 0}
  m_GameObject: {fileID: 4562688300956436681}
  m_Enabled: 1
  m_EditorHideFlags: 0
  m_Script: {fileID: 11500000, guid: 05b5b98ddec37ec4dabcf5c6a8b32104, type: 3}
  m_Name: 
  m_EditorClassIdentifier: 
  customName: Combat
--- !u!1001 &4562688299789214826
PrefabInstance:
  m_ObjectHideFlags: 0
  serializedVersion: 2
  m_Modification:
    m_TransformParent: {fileID: 4562688299663599440}
    m_Modifications:
    - target: {fileID: 548576517236687493, guid: 3356c2bdc60875d469e021394408a6b7, type: 3}
      propertyPath: m_AnchorMax.x
      value: 0
      objectReference: {fileID: 0}
    - target: {fileID: 548576517236687493, guid: 3356c2bdc60875d469e021394408a6b7, type: 3}
      propertyPath: m_AnchorMax.y
      value: 0
      objectReference: {fileID: 0}
    - target: {fileID: 548576517236687493, guid: 3356c2bdc60875d469e021394408a6b7, type: 3}
      propertyPath: m_AnchorMin.x
      value: 0
      objectReference: {fileID: 0}
    - target: {fileID: 657494702638612252, guid: 3356c2bdc60875d469e021394408a6b7, type: 3}
      propertyPath: m_SizeDelta.x
      value: 4.5632
      objectReference: {fileID: 0}
    - target: {fileID: 657494702638612252, guid: 3356c2bdc60875d469e021394408a6b7, type: 3}
      propertyPath: m_AnchoredPosition.x
      value: 0.06369996
      objectReference: {fileID: 0}
    - target: {fileID: 1266741840304736579, guid: 3356c2bdc60875d469e021394408a6b7, type: 3}
      propertyPath: m_AnchorMax.x
      value: 0
      objectReference: {fileID: 0}
    - target: {fileID: 1266741840304736579, guid: 3356c2bdc60875d469e021394408a6b7, type: 3}
      propertyPath: m_AnchorMax.y
      value: 0
      objectReference: {fileID: 0}
    - target: {fileID: 1266741840304736579, guid: 3356c2bdc60875d469e021394408a6b7, type: 3}
      propertyPath: m_AnchorMin.x
      value: 0
      objectReference: {fileID: 0}
    - target: {fileID: 2165693880072646700, guid: 3356c2bdc60875d469e021394408a6b7, type: 3}
      propertyPath: target
      value: 
      objectReference: {fileID: 4562688300956436686}
    - target: {fileID: 2492796200032700306, guid: 3356c2bdc60875d469e021394408a6b7, type: 3}
      propertyPath: m_Sprite
      value: 
      objectReference: {fileID: 21300000, guid: dcbc1963d6a493544b6b6c984ca6e14a, type: 3}
    - target: {fileID: 2492796200032700306, guid: 3356c2bdc60875d469e021394408a6b7, type: 3}
      propertyPath: m_Color.a
      value: 1
      objectReference: {fileID: 0}
    - target: {fileID: 2492796200032700306, guid: 3356c2bdc60875d469e021394408a6b7, type: 3}
      propertyPath: m_Enabled
      value: 1
      objectReference: {fileID: 0}
    - target: {fileID: 2549607877067297399, guid: 3356c2bdc60875d469e021394408a6b7, type: 3}
      propertyPath: m_Name
      value: Heath Bar
      objectReference: {fileID: 0}
    - target: {fileID: 2998718690603553966, guid: 3356c2bdc60875d469e021394408a6b7, type: 3}
      propertyPath: m_AnchorMax.y
      value: 0
      objectReference: {fileID: 0}
    - target: {fileID: 2998718690603553966, guid: 3356c2bdc60875d469e021394408a6b7, type: 3}
      propertyPath: m_AnchorMin.y
      value: 0
      objectReference: {fileID: 0}
    - target: {fileID: 2998718690603553966, guid: 3356c2bdc60875d469e021394408a6b7, type: 3}
      propertyPath: m_SizeDelta.y
      value: 0
      objectReference: {fileID: 0}
    - target: {fileID: 2998718690603553966, guid: 3356c2bdc60875d469e021394408a6b7, type: 3}
      propertyPath: m_AnchoredPosition.x
      value: 0
      objectReference: {fileID: 0}
    - target: {fileID: 2998718690603553966, guid: 3356c2bdc60875d469e021394408a6b7, type: 3}
      propertyPath: m_AnchoredPosition.y
      value: 0
      objectReference: {fileID: 0}
    - target: {fileID: 4843344749499893178, guid: 3356c2bdc60875d469e021394408a6b7, type: 3}
      propertyPath: m_PresetInfoIsWorld
      value: 1
      objectReference: {fileID: 0}
    - target: {fileID: 7031706996866332216, guid: 3356c2bdc60875d469e021394408a6b7, type: 3}
      propertyPath: m_Pivot.x
      value: 0.5
      objectReference: {fileID: 0}
    - target: {fileID: 7031706996866332216, guid: 3356c2bdc60875d469e021394408a6b7, type: 3}
      propertyPath: m_Pivot.y
      value: 0.5
      objectReference: {fileID: 0}
    - target: {fileID: 7031706996866332216, guid: 3356c2bdc60875d469e021394408a6b7, type: 3}
      propertyPath: m_RootOrder
      value: 1
      objectReference: {fileID: 0}
    - target: {fileID: 7031706996866332216, guid: 3356c2bdc60875d469e021394408a6b7, type: 3}
      propertyPath: m_AnchorMax.x
      value: 0.5
      objectReference: {fileID: 0}
    - target: {fileID: 7031706996866332216, guid: 3356c2bdc60875d469e021394408a6b7, type: 3}
      propertyPath: m_AnchorMax.y
      value: 0.5
      objectReference: {fileID: 0}
    - target: {fileID: 7031706996866332216, guid: 3356c2bdc60875d469e021394408a6b7, type: 3}
      propertyPath: m_AnchorMin.x
      value: 0.5
      objectReference: {fileID: 0}
    - target: {fileID: 7031706996866332216, guid: 3356c2bdc60875d469e021394408a6b7, type: 3}
      propertyPath: m_AnchorMin.y
      value: 0.5
      objectReference: {fileID: 0}
    - target: {fileID: 7031706996866332216, guid: 3356c2bdc60875d469e021394408a6b7, type: 3}
      propertyPath: m_SizeDelta.x
      value: 100
      objectReference: {fileID: 0}
    - target: {fileID: 7031706996866332216, guid: 3356c2bdc60875d469e021394408a6b7, type: 3}
      propertyPath: m_SizeDelta.y
      value: 100
      objectReference: {fileID: 0}
    - target: {fileID: 7031706996866332216, guid: 3356c2bdc60875d469e021394408a6b7, type: 3}
      propertyPath: m_LocalPosition.x
      value: 0
      objectReference: {fileID: 0}
    - target: {fileID: 7031706996866332216, guid: 3356c2bdc60875d469e021394408a6b7, type: 3}
      propertyPath: m_LocalPosition.y
      value: 0
      objectReference: {fileID: 0}
    - target: {fileID: 7031706996866332216, guid: 3356c2bdc60875d469e021394408a6b7, type: 3}
      propertyPath: m_LocalPosition.z
      value: 0
      objectReference: {fileID: 0}
    - target: {fileID: 7031706996866332216, guid: 3356c2bdc60875d469e021394408a6b7, type: 3}
      propertyPath: m_LocalRotation.w
      value: 1
      objectReference: {fileID: 0}
    - target: {fileID: 7031706996866332216, guid: 3356c2bdc60875d469e021394408a6b7, type: 3}
      propertyPath: m_LocalRotation.x
      value: 0
      objectReference: {fileID: 0}
    - target: {fileID: 7031706996866332216, guid: 3356c2bdc60875d469e021394408a6b7, type: 3}
      propertyPath: m_LocalRotation.y
      value: 0
      objectReference: {fileID: 0}
    - target: {fileID: 7031706996866332216, guid: 3356c2bdc60875d469e021394408a6b7, type: 3}
      propertyPath: m_LocalRotation.z
      value: 0
      objectReference: {fileID: 0}
    - target: {fileID: 7031706996866332216, guid: 3356c2bdc60875d469e021394408a6b7, type: 3}
      propertyPath: m_AnchoredPosition.x
      value: 0
      objectReference: {fileID: 0}
    - target: {fileID: 7031706996866332216, guid: 3356c2bdc60875d469e021394408a6b7, type: 3}
      propertyPath: m_AnchoredPosition.y
      value: 1.75
      objectReference: {fileID: 0}
    - target: {fileID: 7031706996866332216, guid: 3356c2bdc60875d469e021394408a6b7, type: 3}
      propertyPath: m_LocalEulerAnglesHint.x
      value: 0
      objectReference: {fileID: 0}
    - target: {fileID: 7031706996866332216, guid: 3356c2bdc60875d469e021394408a6b7, type: 3}
      propertyPath: m_LocalEulerAnglesHint.y
      value: 0
      objectReference: {fileID: 0}
    - target: {fileID: 7031706996866332216, guid: 3356c2bdc60875d469e021394408a6b7, type: 3}
      propertyPath: m_LocalEulerAnglesHint.z
      value: 0
      objectReference: {fileID: 0}
    - target: {fileID: 7885110281057270390, guid: 3356c2bdc60875d469e021394408a6b7, type: 3}
      propertyPath: m_AnchorMax.x
      value: 0
      objectReference: {fileID: 0}
    - target: {fileID: 7885110281057270390, guid: 3356c2bdc60875d469e021394408a6b7, type: 3}
      propertyPath: m_AnchorMax.y
      value: 0
      objectReference: {fileID: 0}
    m_RemovedComponents: []
  m_SourcePrefab: {fileID: 100100000, guid: 3356c2bdc60875d469e021394408a6b7, type: 3}
--- !u!114 &6547930608092404049 stripped
MonoBehaviour:
  m_CorrespondingSourceObject: {fileID: 7318068914666421563, guid: 3356c2bdc60875d469e021394408a6b7, type: 3}
  m_PrefabInstance: {fileID: 4562688299789214826}
  m_PrefabAsset: {fileID: 0}
  m_GameObject: {fileID: 0}
  m_Enabled: 1
  m_EditorHideFlags: 0
  m_Script: {fileID: 11500000, guid: abfa49c5f5cbe89429cec35189e258c9, type: 3}
  m_Name: 
  m_EditorClassIdentifier: 
--- !u!224 &6828662751349232210 stripped
RectTransform:
  m_CorrespondingSourceObject: {fileID: 7031706996866332216, guid: 3356c2bdc60875d469e021394408a6b7, type: 3}
  m_PrefabInstance: {fileID: 4562688299789214826}
  m_PrefabAsset: {fileID: 0}
